 Dungeon Crawl Stone Soup version 0.30-a0-859-gf88a04b62d (webtiles) character file.

Game seed: 13477291090868572769

327 Ayihk420 the Magician (level 6, -1/32 HPs)
             Began as a Deep Elf Fire Elementalist on Mar 6, 2023.
             Slain by a white imp (2 damage)
             ... on level 6 of the Dungeon.
             The game lasted 00:09:55 (1498 turns).

Ayihk420 the Magician (Deep Elf Fire Elementalist)  Turns: 1498, Time: 00:09:55

Health: -1/32      AC:  3    Str:  5    XL:     6   Next: 24%
Magic:  10/15      EV: 13    Int: 22    God:
Gold:   0          SH:  0    Dex: 15    Spells: 13/14 levels left

rFire   . . .      SeeInvis .    (no weapon)
rCold   . . .      Faith    .    (no shield)
rNeg    . . .      Spirit   .    a - +0 robe
rPois   .          Reflect  .    (no helmet)
rElec   .          Rampage  .    e - +0 cloak
rCorr   .                        (no gloves)
Will    .....                    (no boots)
Stlth   +++                      (no amulet)
HPRegen 0.25/turn                (no ring)
MPRegen 0.14/turn                (no ring)

@: no status effects
A: no striking features
a: no special abilities


You were on level 6 of the Dungeon.
You visited 1 branch of the dungeon, and saw 6 of its levels.

Inventory:

Armour
 a - a +0 robe (worn)
 c - a +0 ring mail
 e - a +0 cloak (worn)
Potions
 b - a potion of magic
 d - 2 potions of heal wounds {unknown}


   Skills:
 + Level 4.1 Dodging
 + Level 4.4 Stealth
 + Level 4.7 Spellcasting
 + Level 3.1 Conjurations
 + Level 4.5 Fire Magic


You had 13 spell levels left.
You knew the following spells:

 Your Spells              Type           Power      Damage    Failure   Level
a - Foxfire               Conj/Fire      88%        2x1d8     2%          1

Your spell library contained the following spells:

 Spells                   Type           Power      Damage    Failure   Level
 Scorch                   Fire           50%        2d7       2%          2
 Sandblast                Erth           10%        2d5       11%         1
 Inner Flame              Hex/Fire       15%        N/A       12%         3
 Passwall                 Tmut/Erth      4%         N/A       16%         2
 Stone Arrow              Conj/Erth      24%        3d8       16%         3
 Ignite Poison            Fire/Tmut/Pois 11%        N/A       17%         3
 Kindle Blastsparks       Fire/Tloc/Air  22%        2d11      17%         3
 Flame Wave               Conj/Fire      22%        2d8       22%         4
 Sticky Flame             Conj/Fire      22%        2d4       22%         4
 Ignition                 Fire           12%        3d6       100%        8


Dungeon Overview and Level Annotations

Branches:
Dungeon (6/15)
 Temple: D:4-7

Altars:


Message History

The adder closely misses you. The adder bites you but does no damage.
You conjure some foxfire!
You feel sick. The adder misses you.
Enter note:
There is not enough space to conjure foxfire!
You feel sick.
You are no longer poisoned.
The foxfire hits the adder.
You kill the adder!
The white imp gestures at you. The puff of frost hits you!
* * * LOW HITPOINT WARNING * * *
You are too injured to fight recklessly!
Casting: Foxfire (safe; 2% risk of failure)
Confirm with . or Enter, or press ? or * to list all spells.
You conjure some foxfire!
The foxfire hits the white imp but does no damage.
The foxfire hits the white imp!
The white imp is burned terribly!
The white imp is severely wounded.
Casting: Foxfire (safe; 2% risk of failure)
Confirm with . or Enter, or press ? or * to list all spells.
You conjure some foxfire!
The white imp sputters.
The foxfire hits the white imp.
The white imp is severely wounded.
You hit the white imp but do no damage.
The white imp is severely wounded.
You closely miss the white imp.
The white imp is severely wounded.
The white imp gestures at you. The puff of frost hits you!
* * * LOW HITPOINT WARNING * * *
You closely miss the white imp.
The white imp is severely wounded.
The white imp barely misses you.
You hit the white imp but do no damage.
The white imp is severely wounded.
The white imp hits you.
* * * LOW HITPOINT WARNING * * *
The white imp freezes you.
You die...

#........#.#######...
########.#.....#.#...
#.#.......#.###
#.#.###.#.#.###+###
#.)....<...........
###.#.####.........
#................
############........
#.5@v......[........
#†##########........
#.# #...).... #.#
#........ ###.####
#........ #......#
##...##.. ######.#
#...##.. # #...##..
#...##..


You could see a white imp (ally target).

Vanquished Creatures
  A black bear (D:5)
  A gnoll bouda (D:6)
  2 hounds
  2 iguanas (D:6)
  4 gnolls (D:6)
  3 adders
  A worm (D:2)
  An orc (D:6)
  5 endoplasms (D:1)
  2 hobgoblins (D:1)
  A kobold (D:4)
  A quokka (D:2)
  2 ball pythons
  A bat (D:1)
  A frilled lizard (D:1)
  5 goblins (D:1)
  A rat (D:1)
34 creatures vanquished.

Vanquished Creatures (collateral kills)
  A foxfire (D:4)
1 creature vanquished.

Vanquished Creatures (others)
  133 foxfires
133 creatures vanquished.

Grand Total: 168 creatures vanquished

Notes
Turn   | Place    | Note
-------+----------+-------------------------------------------
     0 | D:1      | Ayihk420 the Deep Elf Fire Elementalist began the quest for
                  | the Orb.
     0 | D:1      | Reached XP level 1. HP: 10/10 MP: 6/6
   268 | D:1      | Reached XP level 2. HP: 12/15 MP: 2/8
   696 | D:4      | Reached XP level 3. HP: 13/19 MP: 4/9
   763 | D:5      | Entered Level 5 of the Dungeon
   786 | D:5      | Noticed a black bear
   794 | D:5      | Killed a black bear
   795 | D:5      | Reached XP level 4. HP: 24/24 MP: 2/12
   800 | D:5      | Reached XP level 5. HP: 26/28 MP: 1/13
  1226 | D:6      | Reached XP level 6. HP: 14/32 MP: 3/14
  1498 | D:6      | HP: 1/32 [white imp (3)]
  1498 | D:6      | Slain by a white imp

Illustrated notes

Levels and vault maps discovered:
D:1:      amcnicky_arrival_choice, layout_rooms, minmay_pentomino_o2
D:2:      layout_basic, shapermc_ecumenical_altar_gd
D:3:      layout_basic
D:4:      layout_loops_cross, eino_curves_03, hangedman_decor_push
D:5:      layout_basic
D:6:      layout_basic, amcnicky_altar_gilded, lemuel_crystal_altar,
          minmay_temple_entry_fiery, nrook_campfire,
          nicolae_shop_i_like_big_books, kennysheep_generic_room_4, uniq_edmund,
          uniq_eustachio

Skill      XL: |  1  2  3  4  5 |
---------------+----------------+-----
Stealth        | 3 4 |  4.4
Dodging        | 3 4 |  4.1
Spellcasting   | 4 |  4.7
Conjurations   | 2 3 |  3.1
Fire Magic     | 4 |  4.5

Action                     |  1- 3 |  4- 6 || total
---------------------------+-------+-------++-------
  Melee: Unarmed           |     4 |     7 ||    11
   Cast: Foxfire           |    44 |    49 ||    93
 Armour: Robe              |     4 |     4 ||     8
  Dodge: Dodged            |    19 |    44 ||    63

Table legend: (Time is in decaauts)
 A = Elapsed time spent in this place.
 B = Non-inter-level travel time spent in this place.
 C = Inter-level travel time spent in this place.
 D = Time resting spent in this place.
 E = Time spent auto-exploring this place.
 F = Levels seen in this place.
 G = Mean time per level.
                   A        B        C        D        E       F      G
               +--------+--------+--------+--------+--------+-----+--------+
         Total |   1496 |   1445 |     51 |    739 |      0 |   6 |  249.3 |
       Dungeon |   1496 |   1445 |     51 |    739 |      0 |   6 |  249.3 |
               +--------+--------+--------+--------+--------+-----+--------+

Top non-repeatable levels by time:
     D:6: 571 daAuts
     D:1: 474 daAuts
     D:5: 162 daAuts
     D:2: 136 daAuts
     D:4: 83 daAuts
     D:3: 67 daAuts
